 Dungeon Crawl Stone Soup version 0.29-a0-542-g075992c915 (webtiles) character file.

Game seed: 14000041810265498635

59861 Bruhh the Convoker (level 14, -1/99 HPs)
             Began as a Barachi Air Elementalist on June 4, 2022.
             Was a High Priest of Hepliaklqana.
             Shot with an arrow by a centaur warrior (21 damage)
             ... on level 12 of the Dungeon.
             The game lasted 00:36:10 (30876 turns).

Bruhh the Convoker (Barachi Air Elementalist)      Turns: 30876, Time: 00:36:40

Health: -1/99      AC:  6    Str: 10    XL:     14   Next: 96%
Magic:  23/37      EV: 11    Int: 26    God:    Hepliaklqana [*****.]
Gold:   744        SH:  7    Dex: 13    Spells: 19/33 levels left

rFire   . . .      SeeInvis .   L - +2 demon whip (venom)
rCold   . . .      Faith    .   w - +0 buckler
rNeg    . . .      Spirit   .   Y - +0 troll leather armour
rPois   .          Reflect  .   f - +0 helmet
rElec   .          Harm     .   (no cloak)
rCorr   .          Rampage  .   (no gloves)
Will    +....                   y - +0 pair of boots
Stlth   ++........              B - amulet of the acrobat
HPRegen 1.06/turn               h - +6 ring of intelligence
MPRegen 0.25/turn               A - ring of magical power

@: radiating poison, attractive, very slightly contaminated, slow
A: reduced essence, amphibious, slowness 1, strong legs 2, +LOS
a: Hop, Renounce Religion, Recall Ancestor, Ancestor Identity, Transference,
Idealise


You were on level 12 of the Dungeon.
You worshipped Hepliaklqana.
Hepliaklqana was extremely pleased with you.
You visited 3 branches of the dungeon, and saw 19 of its levels.

You collected 1200 gold pieces.
You spent 456 gold pieces at shops.

Inventory:

Hand Weapons
 t - a +0 club
 v - a +2 mace of protection
 L - a +2 demon whip of venom (weapon)
Missiles
 D - 2 throwing nets
Armour
 a - a +0 robe
 f - a +0 helmet (worn)
 m - the +5 kite shield of Hedging {rElec Int+4}
   (You acquired it on level 6 of the Lair of Beasts)

   Int:       It affects your intelligence (+4).
   rElec:     It insulates you from electricity.
 n - a +2 pair of gloves of infusion
 w - a +0 buckler (worn)
 y - a +0 pair of boots (worn)
 Y - a +0 troll leather armour (worn)
Jewellery
 h - a +6 ring of intelligence (left hand)
 A - a ring of magical power (right hand)
 B - an amulet of the acrobat (around neck)
Wands
 G - a wand of iceblast (12)
 K - a wand of flame (12)
 S - a wand of digging (14)
 T - a wand of paralysis (13)
Scrolls
 e - 2 scrolls of enchant armour
 g - 2 scrolls of fog
 i - 4 scrolls of teleportation
 j - 2 scrolls of magic mapping
 k - 2 scrolls of silence
 l - 4 scrolls of amnesia
 o - a scroll of torment {unknown}
 u - 5 scrolls of blinking
 x - 2 scrolls of brand weapon {unknown}
 F - 3 scrolls of enchant weapon {unknown}
 Q - a scroll of poison {unknown}
 R - 2 scrolls of immolation {unknown}
 V - 2 scrolls of vulnerability {unknown}
 Z - a scroll of fear {unknown}
Potions
 c - 3 potions of lignification
 d - 11 potions of curing
 p - 4 potions of brilliance
 s - a potion of mutation
 z - a potion of attraction
 C - 5 potions of heal wounds
 E - 2 potions of berserk rage {unknown}
 I - a potion of flight {unknown}
 J - 5 potions of might {unknown}
 M - a potion of magic
 N - 2 potions of haste
 U - a potion of invisibility {unknown}
 W - a potion of cancellation {unknown}
Miscellaneous
 H - a condenser vane


   Skills:
 - Level 10.0 Fighting
 - Level 0.8 Armour
 - Level 2.1 Dodging
 - Level 1.7 Stealth
 + Level 11.9 Shields
 - Level 10.0 Spellcasting
 - Level 5.0 Conjurations
 - Level 15.2 Summonings
 - Level 7.0 Air Magic
 - Level 6.0 Poison Magic
 - Level 9.0 Invocations
 - Level 9.0 Evocations


You had 19 spell levels left.
You knew the following spells:

 Your Spells              Type           Power      Damage    Failure   Level
a - Shock                 Conj/Air       100%       1d9       1%          1
b - Static Discharge      Conj/Air       44%        N/A       1%          2
c - Airstrike             Air            24%        N/A       4%          4
d - Olgreb's Toxic Radia  Pois           44%        N/A       6%          4
e - Ignite Poison         Fire/Tmut/Pois 23%        N/A       10%         3

Your spell library contained the following spells:

 Spells                   Type           Power      Damage    Failure   Level
 Poisonous Vapours        Pois/Air       92%        N/A       1%          2
 Swiftness                Air            49%        N/A       1%          3
 Sting                    Tmut/Pois      100%       1d8       2%          1
 Animate Armour           Summ/Erth      100%       N/A       3%          4
 Necrotize                Necr           52%        1d6       8%          1
 Dazzling Flash           Conj/Hex       52%        N/A       8%          3
 Stone Arrow              Conj/Erth      52%        3d10      8%          3
 Ensorcelled Hibernation  Hex/Ice        26%        N/A       11%         2
 Passwall                 Tmut/Erth      10%        N/A       11%         2
 Vampiric Draining        Necr           13%        2d6       22%         3
 Flame Wave               Conj/Fire      26%        2d7       26%         4
 Iskenderun's Mystic Bla  Conj/Tloc      26%        2d7       26%         4
 Sticky Flame             Conj/Fire      26%        2d5       26%         4
 Dispel Undead            Necr           13%        3d9       58%         4
 Agony                    Necr           13%        N/A       90%         5
 Starburst                Conj/Fire      13%        6d5       99%         6
 Lehudib's Crystal Spear  Conj/Erth      13%        10d4      100%        8
 Chain Lightning          Conj/Air       22%        3d29      100%        9
 Fire Storm               Conj/Fire      13%        8d3       100%        9
 Shatter                  Erth           6%         3d9*      100%        9


Dungeon Overview and Level Annotations

Branches:
Dungeon (12/15)            Temple (1/1) D:7            Lair (6/6) D:8
  Swamp (0/4) Lair:3       Spider (0/4) Lair:4        Slime (0/5) Lair:5
    Orc: D:9-12

Altars:
Ashenzari
Cheibriados
Dithmenos
Elyvilon
Fedhas
Gozag
Hepliaklqana
Kikubaaqudgha
Makhleb
Nemelex Xobeh
Okawaru
Qazlal
Ru
Sif Muna
Trog
Uskayaw
Vehumet
Wu Jian
Xom
Yredelemnul
Zin
The Shining One
Jiyva
Lugonu

Shops:
D:6 :   D:10 [

Portals:
Abyss: Lair:6

Annotations:
D:8 3 runed translucent doors, Essalna's ghost, novice SpEn
D:10 3 runed translucent doors, MagicSucks's ghost, novice NaDe
Lair:5 1 runed translucent door, Meag's ghost, journeyman DjFE


Innate Abilities, Weirdness & Mutations

Your life essence is reduced to manifest your ancestor. (-10% HP)
You are amphibious.
You cover ground slowly.
You can hop long distances.
You have an extended range of vision and can be seen from far away.


Message History

Your toxic radiance grows in intensity.
The yak looks even sicker. x3
The yak looks as sick as possible!
The yak looks even sicker. x2
The centaur warrior looks even sicker.
The centaur warrior shoots an arrow.
The arrow hits you! The arrow freezes you.
Enheduana hits the yak with a +0 flail!
The yak dies!
The centaur warrior shoots an arrow.
The arrow hits you! The arrow freezes you!
The yak closely misses Enheduana.
The yak gores you! You block the yak's attack.
Unknown command.
Casting: Olgreb's Toxic Radiance (dangerous; 6% risk of failure)
Confirm with . or Enter, or press ? or * to list all spells.
You ignite the poison in your surroundings!
The yak seems to burn from within!
The yak is severely wounded.
The yak seems to burn from within!!!
You kill the yak!
The yak seems to burn from within!!
You kill the yak!
The yak seems to burn from within!!
You kill the yak!
The centaur warrior seems to burn from within!!
The centaur warrior is severely wounded.
The yak seems to burn from within!!
The yak is severely wounded.
The yak is poisoned. x2; The centaur warrior is poisoned.
The centaur warrior shoots an arrow.
The arrow hits you!
* * * LOW HITPOINT WARNING * * *
The arrow freezes you!
* * * LOW HITPOINT WARNING * * *
Enheduana hits the yak but does no damage.
The yak closely misses you.
Okay, then.
It was a potion of attraction.
You feel attractive to monsters.
The yak looks even sicker.
The centaur warrior shoots an arrow.
The arrow closely misses you.
Enheduana hits the yak with a +0 flail!
The yak dies!
The centaur warrior shoots an arrow.
The arrow hits you!!
You die...

....##.....###...
....#.......#..<.
........>.......
.....8.....8...
............####
#+....8.8.......
#........†......
#...8c.†RY8.....
#......@†.......
#..#.......#....
##.....## #######


You could see the friendly Enheduana the knight, a centaur warrior (poisoned)
and a yak (very poisoned).

Vanquished Creatures
  2 boulder beetles
  5 hydras
  Fannar (D:11)
  Erica (D:11)
  A catoblepas (Lair:4)
  A two-headed ogre (D:10)
  4 death yaks (Lair:6)
  2 thrashing horrors (Lair:6)
  Sonja (D:11)
  Amaemon (Lair:2)
  An orb spider (Lair:4)
  A large abomination (Lair:6)
  An ugly thing (Lair:6)
  2 cyclopes
  3 black mambas
  18 elephants
  A torpor snail (Lair:2)
  A gargoyle (D:10)
  7 cane toads
  4 komodo dragons
  An ancient zyme (Lair:6)
  2 trolls
  A polar bear (Lair:6)
  Grinder (D:5)
  24 blink frogs
  4 dream sheep (Lair:2)
  Sigmund (D:4)
  A vampire (D:10)
  31 yaks
  2 wyverns
  A ynoxinul (Lair:6)
  A human (shapeshifter) (Lair:6)
  2 spriggans (Lair:6)
  6 basilisks
  A golden eye (shapeshifter) (Lair:6)
  2 chaos spawn (Lair:6)
  18 water moccasins
  2 swamp worms (Lair:3)
  7 orc warriors
  9 small abominations (Lair:6)
  5 black bears
  2 ogres
  20 wolves
  A kobold brigand (D:8)
  3 gnoll sergeants
  11 bullfrogs
  2 scorpions
  22 wights
  An electric eel (D:6)
  3 howler monkeys
  3 hounds (D:7)
  10 orc priests
  A gnoll shaman (D:7)
  An iron imp (D:9)
  8 orc wizards
  6 hell rats (Lair:3)
  19 gnolls
  5 adders
  A shadow imp (D:5)
  A white imp (D:5)
  2 ufetubi
  3 worms
  3 dart slugs
  64 orcs
  6 ball pythons
  3 bats
  6 endoplasms
  3 giant cockroaches
  15 goblins
  7 hobgoblins
  16 jackals
  6 kobolds
  6 quokkas
  A frilled lizard (D:1)
  3 rats
444 creatures vanquished.

Vanquished Creatures (collateral kills)
  2 hydras (Lair:3)
  A catoblepas (Lair:5)
  3 two-headed ogres
  2 thrashing horrors (Lair:6)
  A cyclops (D:11)
  7 elephants
  A smoke demon (Lair:6)
  3 cane toads
  An orange demon (Lair:2)
  An unseen horror (D:11)
  2 komodo dragons
  An ancient zyme (Lair:6)
  A tyrant leech (Lair:3)
  4 blink frogs
  A ynoxinul (Lair:6)
  A shadow (D:10)
  A wyvern (Lair:6)
  8 yaks
  2 swamp worms (Lair:3)
  A large abomination (Lair:6)
  A water moccasin (Lair:3)
  7 wolves
  4 bullfrogs
  3 small abominations (Lair:6)
  A gnoll (D:10)
60 creatures vanquished.

Vanquished Creatures (others)
  An ugly thing (D:10)
  An ancestor (Lair:1)
  4 knights
  36 fungi
  49 plants
91 creatures vanquished.

Grand Total: 595 creatures vanquished

Notes
Turn   | Place    | Note
-------+----------+-------------------------------------------
     0 | D:1      | Bruhh the Barachi Air Elementalist began the quest for the
                  | Orb.
     0 | D:1      | Reached XP level 1. HP: 13/13 MP: 3/3
   423 | D:1      | Reached XP level 2. HP: 18/19 MP: 2/5
  1124 | D:1      | Reached XP level 3. HP: 18/24 MP: 2/7
  1372 | D:1      | Found a faded altar of an unknown god.
  2049 | D:2      | Reached XP level 4. HP: 26/30 MP: 4/9
  2132 | D:2      | Found a glowing golden altar of the Shining One.
  3038 | D:2      | Learned a level 2 spell: Static Discharge
  3264 | D:2      | Found a glowing golden altar of the Shining One.
  4083 | D:3      | Reached XP level 5. HP: 35/35 MP: 3/11
  4754 | D:3      | Found a sacrificial altar of Ru.
  5678 | D:4      | Noticed Sigmund
  5686 | D:5      | Entered Level 5 of the Dungeon
  5857 | D:4      | Found an iron altar of Okawaru.
  5986 | D:4      | Reached skill level 5 in Spellcasting
  5986 | D:4      | Reached XP level 6. HP: 33/41 MP: 6/13
  6418 | D:4      | Killed Sigmund
  6419 | D:4      | Reached skill level 5 in Conjurations
  6562 | D:4      | Found a shadowy altar of Dithmenos.
  6608 | D:4      | Reached XP level 7. HP: 36/46 MP: 7/14
  6988 | D:4      | Noticed an air elemental
  6991 | D:4      | Found a stormy altar of Qazlal.
  6991 | D:4      | Noticed a fire elemental
  6992 | D:4      | Noticed a water elemental
  7332 | D:5      | Noticed Grinder
  7337 | D:5      | Killed Grinder
  7338 | D:5      | Reached skill level 5 in Air Magic
  7716 | D:5      | Reached XP level 8. HP: 40/52 MP: 9/17
  8318 | D:6      | Found Orryuhe's Book Shoppe.
  8437 | D:6      | Learned a level 4 spell: Airstrike
  8567 | D:6      | Found an ancient bone altar of Kikubaaqudgha.
  8672 | D:6      | Found a bloodstained altar of Trog.
  8736 | D:6      | Found a glowing silver altar of Zin.
  9513 | D:6      | Bought a Young Poisoner's Handbook for 240 gold pieces
  9569 | D:7      | Reached skill level 1 in Poison Magic
  9675 | D:7      | Found a staircase to the Ecumenical Temple.
  9693 | Temple   | Entered the Ecumenical Temple
  9905 | Temple   | Became a worshipper of Hepliaklqana the Forgotten
  9983 | D:7      | Reached XP level 9. HP: 42/57 MP: 8/21
 10233 | D:6      | Learned a level 4 spell: Olgreb's Toxic Radiance
 10364 | D:7      | Reached skill level 5 in Poison Magic
 11136 | D:7      | Reached skill level 1 in Fighting
 11317 | D:7      | Found a basalt altar of Yredelemnul.
 12017 | D:8      | Noticed an elephant
 12025 | D:8      | Reached skill level 5 in Fighting
 12337 | D:7      | Found a staircase to the Ecumenical Temple.
 12395 | D:7      | Killed an elephant
 12651 | D:7      | Found a basalt altar of Yredelemnul.
 12726 | D:8      | Reached XP level 10. HP: 80/80 MP: 13/22
 13206 | D:8      | Found a staircase to the Lair.
 13335 | D:8      | Noticed a cyclops
 13336 | D:8      | Reached skill level 10 in Fighting
 13347 | D:8      | Killed a cyclops
 13999 | D:8      | Noticed Essalna's ghost (novice SpEn)
 14000 | D:8      | Found a runed translucent gate.
 14000 | D:8      | Found a runed translucent gate.
 14000 | D:8      | Found a runed translucent gate.
 14436 | D:6      | Bought the Catalogue of Ignition for 216 gold pieces
 14440 | D:6      | Learned a level 3 spell: Ignite Poison
 14510 | Lair:1   | Entered Level 1 of the Lair of Beasts
 14523 | Lair:1   | Reached * piety under Hepliaklqana
 14565 | Lair:1   | Reached skill level 1 in Shields
 14658 | Lair:1   | Noticed a four-headed hydra
 14663 | Lair:1   | Killed a four-headed hydra
 14878 | Lair:1   | Reached skill level 10 in Spellcasting
 14881 | Lair:1   | Reached XP level 11. HP: 81/81 MP: 1/25
 14891 | Lair:1   | Reached skill level 5 in Shields
 15030 | Lair:1   | Reached skill level 1 in Invocations
 16149 | Lair:2   | Reached ** piety under Hepliaklqana
 16150 | Lair:2   | Remembered your ancestor Enheduana as a knight
 16322 | Lair:2   | Noticed Amaemon
 16330 | Lair:2   | Killed Amaemon
 16331 | Lair:2   | Reached skill level 5 in Invocations
 16864 | Lair:2   | Identified the +2 robe of Orhuem {Str+5 Int-3}
 17540 | Lair:2   | Reached XP level 12. HP: 73/87 MP: 20/26
 17547 | Lair:2   | Reached skill level 1 in Evocations
 18402 | Lair:3   | Noticed a five-headed hydra
 18407 | Lair:3   | Killed a five-headed hydra
 18408 | Lair:3   | Reached skill level 5 in Evocations
 18416 | Lair:3   | Noticed a four-headed hydra
 19304 | Lair:3   | Killed a four-headed hydra
 19482 | Lair:3   | Reached skill level 1 in Summonings
 19601 | Lair:3   | Reached skill level 2 in Summonings
 19693 | Lair:3   | Reached skill level 3 in Summonings
 19836 | Lair:3   | Found a hide-covered altar of Uskayaw.
 19848 | Lair:3   | You fall into a shaft and drop 2 floors!
 19848 | Lair:5   | Noticed Meag's ghost (journeyman DjFE)
 19848 | Lair:5   | Found a runed translucent door.
 19915 | Lair:3   | Reached skill level 4 in Summonings
 20112 | Lair:3   | Found a staircase to the Swamp.
 20584 | Lair:4   | Noticed a catoblepas
 20592 | Lair:4   | Killed a catoblepas
 20593 | Lair:4   | Reached skill level 5 in Summonings
 20766 | Lair:4   | Reached *** piety under Hepliaklqana
 20818 | Lair:4   | Reached skill level 6 in Summonings
 21353 | Lair:4   | Reached skill level 7 in Summonings
 21353 | Lair:4   | Gained mutation: You can hop long distances. [Barachi
                  | growth]
 21353 | Lair:4   | Reached XP level 13. HP: 89/92 MP: 19/27
 21547 | Lair:4   | Found a hole to the Spider Nest.
 21552 | Lair:4   | Reached skill level 8 in Summonings
 22026 | Lair:5   | Reached skill level 9 in Summonings
 22347 | Lair:5   | Reached skill level 10 in Summonings
 22459 | Lair:5   | Reached **** piety under Hepliaklqana
 23111 | Lair:5   | Found a staircase to the Slime Pits.
 23112 | Lair:5   | Found a viscous altar of Jiyva.
 23243 | Lair:5   | Reached skill level 11 in Summonings
 23706 | Lair:6   | Entered Level 6 of the Lair of Beasts
 23715 | Lair:6   | Reached skill level 12 in Summonings
 24244 | Lair:6   | Reached skill level 13 in Summonings
 24920 | Lair:6   | Reached skill level 14 in Summonings
 25027 | Lair:6   | Reached XP level 14. HP: 51/99 MP: 1/28
 25524 | Lair:6   | Reached ***** piety under Hepliaklqana
 25950 | Lair:6   | Reached skill level 15 in Summonings
 26160 | Lair:6   | Identified a scroll of acquirement
 26160 | Lair:6   | Acquired the +5 kite shield of Hedging {rElec Int+4}
 27864 | Lair:6   | Found a corrupted altar of Lugonu.
 27864 | Lair:6   | Found a one-way gate to the infinite horrors of the Abyss.
 28355 | D:9      | Found a snail-covered altar of Cheibriados.
 28651 | D:9      | Reached skill level 10 in Shields
 28986 | D:10     | Entered Level 10 of the Dungeon
 29104 | D:10     | Identified the ring of the Rescuing Gods {rElec rC- Dex+2
                  | SInv}
 29227 | D:10     | Found a runed translucent gate.
 29228 | D:10     | Found a runed translucent gate.
 29233 | D:10     | Found a runed translucent gate.
 29233 | D:10     | Found an opulent altar of Gozag.
 29235 | D:10     | Noticed MagicSucks's ghost (novice NaDe)
 29342 | D:10     | Found an opulent altar of Gozag.
 29743 | D:10     | Found a radiant altar of Vehumet.
 29816 | D:10     | Found Uwemouv's Armour Shoppe.
 30197 | D:11     | Noticed Erica
 30199 | D:11     | Noticed Fannar
 30222 | D:11     | Killed Erica
 30224 | D:11     | Killed Fannar
 30686 | D:11     | Noticed Sonja
 30692 | D:11     | Killed Sonja
 30876 | D:12     | Shot with an arrow by a centaur warrior

Illustrated notes

Levels and vault maps discovered:
D:1:      dpeg_arrival_signposts, layout_basic,
          shapermc_ecumenical_altar_flowoftime
D:2:      layout_basic, serial_co_window_serial, co_window_corner_a,
          co_window_paths_a, co_window_paths_a, co_window_of_opportunity_a,
          co_window_corner_a, co_window_of_opportunity_a, co_window_broadway_c,
          co_window_of_opportunity_b, co_window_unsneaky_path_c,
          co_window_paths_e, glass_columns_a, basic_altar
D:3:      wander_river, layout_basic, general_overflow_altar,
          chequers_serial_rivers_micro_b
D:4:      layout_basic, nicolae_qazlal_style_of_elements,
          grunt_dithmenos_smoke_and_mirrors, okawaru_ov_weapons_minmay,
          uniq_sigmund
D:5:      layout_cave_pods, minivault_23, uniq_grinder
D:6:      layout_cave_pods, zin_scriptorium, trog_book,
          overflow_temple_1_default, serial_shops, nicolae_inconvenience_store,
          hex_medium
D:7:      layout_gridville, marbit_many_paths, temple_doors_ab
D:8:      layout_loops_ring, david_lair_generic, gammafunk_ghost_nasty_kobolds
D:9:      layout_long_grid, slow_altar_1, special_room [special_room_orc]
D:10:     layout_irregular_city, grunt_gozag_breadcrumbs, vehumet_altar_wand_db,
          ebering_ghost_gozag, serial_shops, kennysheep_little_box,
          moated_statue
D:11:     layout_basic, nicolae_transmutations_shop, uniq_erica, uniq_fannar,
          uniq_sonja
D:12:     layout_gridville, zombieorc2_lemuel, serial_shops,
          nicolae_shop_advertising_works [nicolae_subvault_shop_adworks],
          grunt_ministairs_10, nicolae_figureground_sparkle, uniq_nergalle
Temple:   minmay_temple_curvy_loop
Lair:1:   layout_regular_city
Lair:2:   layout_roguey, grunt_megastairs_2, serial_bayou_shore_a, uniq_amaemon
Lair:3:   layout_loops_ring, minmay_swamp_entry_worms, basic_altar,
          serial_bayou_shore_b
Lair:4:   layout_gridlike, nicolae_spider_entry_orb_guardian,
          kennysheep_basilisk_garden, grunt_megastairs_5
Lair:5:   layout_hall_layers, slime_altar_1, ebering_ghost_reflecting_pool,
          grunt_megastairs_3
Lair:6:   hellmonk_lair_end_abyssal_woods, layout_misc_corridors,
          infiniplex_staircase_pool_2

Skill      XL: |  1  2  3  4  5  6  7  8  9 10 11 12 13 14 |
---------------+-------------------------------------------+-----
Spellcasting   | 3 4 5 6 8 10 | 10.0
Air Magic      | 4 5 7 |  7.0
Conjurations   | 2 3 5 |  5.0
Poison Magic   | 3 6 |  6.0
Fighting       | 8 10 | 10.0
Shields        | 4 5 11 | 11.9
Invocations    | 8 9 |  9.0
Evocations     | 9 |  9.0
Summonings     | 7 14 15 | 15.2
Armour         | |  0.8
Dodging        | |  2.1
Stealth        | |  1.7

Action                   |  1- 3 |  4- 6 |  7- 9 | 10-12 | 13-15 || total
-------------------------+-------+-------+-------+-------+-------++-------
Melee: Unarmed           |    37 |    15 |       |       |       ||    52
       Punch             |     1 |     1 |     3 |       |       ||     5
       Club              |       |    23 |       |       |       ||    23
       Mace              |       |     4 |    38 |    51 |       ||    93
       Demon whip        |       |       |       |    73 |    44 ||   117
Throw: Throwing net      |       |       |       |     2 |       ||     2
 Cast: Shock             |    72 |   107 |    59 |     1 |     1 ||   240
       Static Discharge  |       |     7 |    30 |    15 |     1 ||    53
       Airstrike         |       |       |    38 |   157 |   231 ||   426
       Olgreb's Toxic Ra |       |       |     9 |    24 |    60 ||    93
       Ignite Poison     |       |       |       |    10 |    27 ||    37
Invok: Ancestor Life: Kn |       |       |       |     1 |       ||     1
       Recall Ancestor   |       |       |       |     1 |       ||     1
 Abil: Hop               |     1 |       |     2 |     1 |     5 ||     9
Evoke: Condenser vane    |       |       |       |     1 |     1 ||     2
       Wand              |       |       |       |       |     6 ||     6
  Use: Potion            |     1 |       |     2 |     3 |     4 ||    10
       Scroll            |       |     6 |     5 |     2 |     8 ||    21
 Stab: Distracted        |       |       |       |     1 |       ||     1
Armor: Robe              |    12 |    18 |    30 |    36 |    15 ||   111
       Skin              |       |       |       |       |     3 ||     3
       Troll leather arm |       |       |       |       |     1 ||     1
Dodge: Dodged            |    46 |    46 |    62 |   115 |    73 ||   342
Block: Buckler           |       |       |       |    32 |    29 ||    61

Table legend: (Time is in decaauts)
 A = Elapsed time spent in this place.
 B = Non-inter-level travel time spent in this place.
 C = Inter-level travel time spent in this place.
 D = Time resting spent in this place.
 E = Time spent auto-exploring this place.
 F = Levels seen in this place.
 G = Mean time per level.
                   A        B        C        D        E       F      G
               +--------+--------+--------+--------+--------+-----+--------+
         Total |  33621 |  32233 |   1388 |   2783 |  26274 |  19 | 1769.5 |
       Dungeon |  19043 |  18129 |    914 |   1672 |  14708 |  12 | 1586.9 |
        Temple |    263 |    263 |      0 |      0 |    221 |   1 |  263.0 |
          Lair |  14314 |  13840 |    474 |   1111 |  11345 |   6 | 2385.7 |
               +--------+--------+--------+--------+--------+-----+--------+

Top non-repeatable levels by time:
  Lair:6: 4142 daAuts
  Lair:2: 2731 daAuts
     D:6: 2722 daAuts
     D:2: 2448 daAuts
     D:7: 2401 daAuts
     D:1: 2033 daAuts
  Lair:5: 1959 daAuts
     D:3: 1923 daAuts
  Lair:3: 1868 daAuts
  Lair:4: 1830 daAuts
  Lair:1: 1782 daAuts
     D:8: 1595 daAuts
     D:5: 1532 daAuts
     D:4: 1220 daAuts
    D:11: 1070 daAuts
